 Dungeon Crawl Stone Soup version 0.32-a0-815-g315f82d515 (webtiles) character file.

Game seed: 5308515993040611793

350 Ajdolov the Trooper (level 6, 0/56 HPs)
             Began as an Armataur Fighter on Mar 23, 2024.
             Was a Follower of Okawaru.
             Incinerated by a bombardier beetle (6 damage)
             ... with a burning spray
             ... on level 5 of the Dungeon.
             The game lasted 00:04:01 (3974 turns).

Ajdolov the Trooper (Armataur Fighter)              Turns: 3974, Time: 00:04:01

Health: 0/56       AC:  4    Str: 23    XL:     6   Next: 33%
Magic:  6/6        EV:  6    Int:  9    God:    Okawaru [*.....]
Gold:   228        SH:  5    Dex:  9    Spells: 5/5 levels left

rFire   . . .        a - +0 flail
rCold   . . .        (no shield)
rNeg    . . .        b - +0 scale mail
rPois   .            (no helmet)
rElec   .            q - +0 cloak
rCorr   .            (no gloves)
SInv    .            (no barding)
Will    .....        h - amulet of reflection Stlth
                     (no ring)
HPRegen 0.29/turn    (no ring)
MPRegen 1.42/turn

%: reflection, roll
@: on fire, corroded, glowing
A: large, deformed body, tough skin 3, armoured tail, rollpage 1
a: Renounce Religion, Heroism


You were on level 5 of the Dungeon.
You worshipped Okawaru.
Okawaru was aware of your devotion.
You visited 2 branches of the dungeon, and saw 6 of its levels.

You collected 228 gold pieces.

Inventory:

Hand Weapons
 a - a +0 flail (weapon)
Missiles
 p - 2 boomerangs (quivered)
Armour
 b - a +0 scale mail (worn)
 c - a +0 buckler
 q - a +0 cloak (worn)
Jewellery
 h - an amulet of reflection (around neck)
Scrolls
 e - a scroll of blinking {unknown}
 g - a scroll of silence {unknown}
 i - a scroll of enchant armour {unknown}
 m - 3 scrolls of identify {unknown}
 o - 2 scrolls of teleportation {unknown}
 r - 2 scrolls of amnesia {unknown}
Potions
 d - a potion of heal wounds {unknown}
 f - a potion of magic {unknown}
 j - a potion of cancellation {unknown}
 k - 2 potions of curing {unknown}
 l - 3 potions of attraction {unknown}
 n - a potion of degeneration {unknown}


   Skills:
 - Level 5.0 Fighting
 + Level 4.5 Maces & Flails
 - Level 3.6 Armour
 - Level 3.2 Shields


You had 5 spell levels left.
You didn't know any spells.
Your spell library contained the following spells:

 Spells                   Type           Power      Damage    Failure   Level
 Apportation              Tloc           0%         N/A       69%         1
 Necrotise                Necr           0%         1d4       69%         1
 Sting                    Conj/Alch      0%         1d3       69%         1
 Jinxbite                 Hex            0%         N/A       83%         2
 Sublimation of Blood     Necr           0%         N/A       83%         2
 Petrify                  Alch/Erth      0%         N/A       100%        4
 Alistair's Intoxication  Alch           0%         N/A       100%        5
 Irradiate                Conj/Alch      0%         3d11      100%        5
 Orb of Destruction       Conj           0%         9d5       100%        7
 Summon Small Mammal      Summ           Unusable   N/A       N/A         1
 Summon Blazeheart Golem  Fire/Summ      Unusable   N/A       N/A         4
 Spellforged Servitor     Conj/Summ      Unusable   N/A       N/A         7

Dungeon Overview and Level Annotations

Branches:
Dungeon (5/15)             Temple (1/1) D:4

Altars:
Ashenzari
Cheibriados
Elyvilon
Gozag
Hepliaklqana
Kikubaaqudgha
Nemelex Xobeh
Okawaru
Qazlal
Ru
Sif Muna
Trog
Uskayaw
Vehumet
Wu Jian
Xom
Zin
The Shining One


Innate Abilities, Weirdness & Mutations

Armour fits poorly on your strangely shaped body.
You have extremely tough skin. (AC +3)
You have a long armoured tail.
You regenerate magic when rolling toward enemies. (Rampage MPRegen)


Message History

The liquid fire burns you!
You block the bombardier beetle's attack.
The jelly closely misses you.
You barely miss the bombardier beetle.
The bombardier beetle is severely wounded.
The liquid fire burns you! The jelly closely misses you.
The bombardier beetle closely misses you.
Unknown command.
You thump the jelly!
Your hands burn!
The jelly is severely wounded.
The liquid fire burns you! The jelly hits you but does no damage.
The bombardier beetle sprays incendiary fluid at you.
The burning spray hits you.
You are even more covered in liquid fire!
You barely miss the jelly.
The jelly is severely wounded.
The liquid fire burns you!
The jelly hits you but does no damage. x2
You hit the jelly.
Your hands burn!
The jelly is severely wounded.
The liquid fire burns you! The bombardier beetle bites you.
You block the jelly's attack.
Unknown command.
You hit the jelly. The acid corrodes you!
Your hands burn!
* * * LOW HITPOINT WARNING * * *
The jelly is almost dead.
The liquid fire burns you!
* * * LOW HITPOINT WARNING * * *
The jelly hits you but does no damage. The bombardier beetle bites you.
* * * LOW HITPOINT WARNING * * *
You shake off some of the fire as you move.
The liquid fire burns you!
* * * LOW HITPOINT WARNING * * *
You sock the jelly!
You kill the jelly!
Okawaru accepts your kill. The liquid fire burns you!
You die...

###..##.....## ....
##..........$. #....
.............# #....
#.......?...##....
##.......<....!..###.
##....................
##.....................
#...............B.(.#
#............@.....#
##..........##.....#
####.........##......#
##.............#........
#........................
..............##.........
......<....#.............
...........#............
...........##....


You could see a bombardier beetle.

Vanquished Creatures
  A black bear (D:4)
  An ogre (D:4)
  A scorpion (D:5)
  A jelly (D:5)
  4 adders
  2 ribbon worms
  2 dart slugs
  An orc (D:2)
  2 ball pythons
  5 endoplasms
  5 giant cockroaches
  5 goblins
  4 hobgoblins
  5 jackals
  5 quokkas
  6 bats (D:1)
  5 kobolds
  8 rats
63 creatures vanquished.

Notes
Turn   | Place    | Note
-------+----------+-------------------------------------------
     0 | D:1      | Ajdolov the Armataur Fighter began the quest for the Orb.
     0 | D:1      | Reached XP level 1. HP: 18/18 MP: 1/1
    56 | D:1      | Reached skill level 3 in Fighting
    92 | D:1      | Reached XP level 2. HP: 26/26 MP: 2/2
   790 | D:1      | Reached XP level 3. HP: 33/33 MP: 3/3
  1029 | D:2      | Reached skill level 4 in Fighting
  1927 | D:3      | Reached XP level 4. HP: 35/41 MP: 4/4
  2219 | D:4      | Noticed a black bear
  2303 | D:4      | Identified the +0 ring mail of Sunlight {rC+}
  2434 | D:4      | Found a staircase to the Ecumenical Temple.
  2440 | Temple   | Entered the Ecumenical Temple
  2455 | Temple   | Became a worshipper of Warmaster Okawaru
  2588 | D:4      | Killed a black bear
  2589 | D:4      | Reached skill level 5 in Fighting
  2589 | D:4      | Reached XP level 5. HP: 45/48 MP: 5/5
  2867 | D:4      | Noticed an ogre
  2880 | D:4      | Killed an ogre
  2880 | D:4      | Reached * piety under Okawaru
  2881 | D:4      | Reached XP level 6. HP: 35/56 MP: 6/6
  3747 | D:5      | Entered Level 5 of the Dungeon
  3974 | D:5      | Incinerated by a bombardier beetle

Illustrated notes

Levels and vault maps discovered:
D:1:      dpeg_arrival_simpleton_a, layout_basic, roderic_roman_lattice
D:2:      layout_rooms
D:3:      layout_loops_ring
D:4:      layout_layer_cave, minmay_temple_entry_mini_moons,
          kennysheep_generic_room_3
D:5:      layout_cave_pools, nicolae_dithmenos_through_a_glass_darkly,
          uniq_pikel
Temple:   eino_narrow_crystal_temple

Skill      XL: |  1  2  3  4  5 |
---------------+----------------+-----
Fighting       | 3 4 5 |  5.0
Maces & Flails | 3 4 |  4.5
Armour         | |  3.6
Shields        | |  3.2

Action                     |  1- 3 |  4- 6 || total
---------------------------+-------+-------++-------
  Melee: Flail             |   132 |    70 ||   202
         Tailslap          |    15 |     9 ||    24
  Throw: Boomerang         |       |     2 ||     2
    Use: Potion            |       |     1 ||     1
 Armour: Scale mail        |    98 |    57 ||   155
  Dodge: Dodged            |    39 |    18 ||    57
  Block: Buckler           |     8 |       ||     8
         Other             |    14 |    19 ||    33
         Reflection        |       |     2 ||     2

Table legend: (Time is in decaauts)
 A = Elapsed time spent in this place.
 B = Non-inter-level travel time spent in this place.
 C = Inter-level travel time spent in this place.
 D = Time resting spent in this place.
 E = Time spent auto-exploring this place.
 F = Levels seen in this place.
 G = Mean time per level.
                   A        B        C        D        E       F      G
               +--------+--------+--------+--------+--------+-----+--------+
         Total |   4034 |   3849 |    185 |     90 |   3134 |   6 |  672.3 |
       Dungeon |   4003 |   3846 |    157 |     90 |   3134 |   5 |  800.6 |
        Temple |     30 |      2 |     28 |      0 |      0 |   1 |   30.0 |
               +--------+--------+--------+--------+--------+-----+--------+

Top non-repeatable levels by time:
     D:4: 1472 daAuts
     D:1: 972 daAuts
     D:3: 796 daAuts
     D:2: 531 daAuts
     D:5: 232 daAuts
  Temple: 30 daAuts
